 Dungeon Crawl Stone Soup version 0.21-a0-404-g291f19a (webtiles) character file.

12642 FerrousOx the Nimble (level 11, 0/56 HPs)
             Began as a Spriggan Enchanter on Oct 28, 2017.
             Was a High Priest of Okawaru.
             Slain by a six-headed hydra (3 damage)
             ... on level 10 of the Dungeon.
             The game lasted 01:32:24 (18160 turns).

FerrousOx the Nimble (Spriggan Enchanter)          Turns: 18160, Time: 01:32:24

Health: 0/56       AC:  4    Str:  4    XL:     11   Next: 65%
Magic:  15/19      EV: 37    Int: 19    God:    Okawaru [*****.]
Gold:   442        SH:  0    Dex: 18    Spells: 3/19 levels left

rFire    . . .     SeeInvis +   P - +3 short sword (venom)
rCold    . . .     Gourm    +   (shield restricted)
rNeg     . . .     Faith    .   b - +0 robe
rPois    +         Spirit   .   (helmet restricted)
rElec    .         Reflect  .   f - +1 cloak
rCorr    .         Harm     .   (gloves unavailable)
MR       +....                  (boots unavailable)
Stlth    +++++.....             Y - amulet of the gourmand
HPRegen  0.18/turn              e - +6 ring of evasion
MPRegen  0.16/turn              G - ring of poison resistance

@: very slightly contaminated, very quick
A: unfitting armour, see invisible, herbivore 3, speed 3, slow metabolism 2,
inability to train armour
a: Heroism, Finesse, Renounce Religion


You were on level 10 of the Dungeon.
You worshipped Okawaru.
Okawaru was extremely pleased with you.
You were not hungry.

You visited 3 branches of the dungeon, and saw 13 of its levels.

You collected 442 gold pieces.

Inventory:

Hand Weapons
 a - a +2 dagger
 s - a +0 hunting sling
 t - a +2 short sword of flaming
 w - a +0 dagger of electrocution
 A - the +2 Maxwell's thermic engine {flame, freeze, rF- rC-}
   (You found it on level 4 of the Dungeon)

   It has been specially enchanted to burn those struck by it, causing extra
   injury to most foes and up to half again as much damage against particularly
   susceptible opponents.
   Big, fiery blades are also staple armaments of hydra-hunters.
   It makes you vulnerable to fire.
   It makes you vulnerable to cold.
 L - a +0 flail of draining
 N - a +2 scimitar of flaming
 P - a +3 short sword of venom (weapon)
 X - a +0 dagger of freezing
Missiles
 V - 74 stones (quivered)
Armour
 b - a +0 robe (worn)
 f - a +1 cloak (worn)
 k - a +0 troll leather armour
Jewellery
 e - a +6 ring of evasion (left hand)
 o - a +3 ring of protection
 y - a +4 ring of dexterity
 G - a ring of poison resistance (right hand)
 H - an uncursed ring of positive energy
 K - an uncursed ring of stealth
 Y - an amulet of the gourmand (around neck)
Wands
 q - a wand of flame (37/48)
 B - a wand of paralysis (5/24)
 E - a wand of acid (6/15)
 J - a wand of lightning (1/15)
 R - a wand of flame (14/48)
 S - a wand of confusion (37/48)
Scrolls
 g - 5 scrolls of remove curse
 l - 3 scrolls of noise
 n - 2 scrolls of amnesia
 r - 4 scrolls of teleportation
 u - 4 scrolls of immolation
 D - a scroll of blinking {unknown}
 F - 3 scrolls of magic mapping
 M - 2 scrolls of fog {unknown}
 W - a scroll of fear {unknown}
Potions
 h - 2 potions of flight
 i - a potion of cancellation {unknown}
 j - 2 potions of haste
 p - a potion of lignification {unknown}
 v - 3 potions of brilliance {unknown}
 C - a potion of agility {unknown}
 I - a potion of curing
 O - a potion of mutation {unknown}
 U - a potion of resistance {unknown}
Books
 c - a book of Maledictions

   Spells                             Type                      Level
   a - Corona                         Hexes                        1
   b - Ensorcelled Hibernation        Hexes/Ice                    2
   c - Confuse                        Hexes                        3
   d - Tukima's Dance                 Hexes                        3
   e - Dazzling Spray                 Conjuration/Hexes            3
 T - a book of Minor Magic

   Spells                             Type                      Level
   a - Magic Dart                     Conjuration                  1
   b - Blink                          Translocation                2
   c - Call Imp                       Summoning                    2
   d - Slow                           Hexes                        2
   e - Conjure Flame                  Conjuration/Fire             3
   f - Mephitic Cloud                 Conjuration/Poison/Air       3
Comestibles
 d - 9 bread rations
 m - 9 fruits
 z - 2 royal jellies
 Z - a meat ration


   Skills:
 - Level 5.3 Fighting
 - Level 10.1 Short Blades
 * Level 14.9 Dodging
 - Level 12.0 Stealth
 - Level 4.9 Spellcasting
 - Level 4.5 Hexes
 * Level 1.1 Translocations
 - Level 0.1 Ice Magic
 * Level 5.8 Invocations


You had 3 spell levels left.
You knew the following spells:

 Your Spells              Type           Power        Failure   Level  Hunger
a - Corona                Hex            ###....      1%          1    None
b - Ensorcelled Hibernat  Hex/Ice        ##....       8%          2    #......
c - Confuse               Hex            ###.....     6%          3    ##.....
d - Tukima's Dance        Hex            ###.....     6%          3    ##.....
e - Dazzling Spray        Conj/Hex       ##....       14%         3    ##.....
f - Blink                 Tloc           N/A          12%         2    #......
g - Slow                  Hex            ###.....     3%          2    #......


Dungeon Overview and Level Annotations

Branches:
Dungeon (11/15)            Temple (1/1) D:5            Lair (1/6) D:10
    Orc (0/2) D:9

Altars:
Ashenzari
Cheibriados
Dithmenos
Elyvilon
Fedhas
Gozag
Hepliaklqana
Makhleb
Nemelex Xobeh
Okawaru
Qazlal
Ru
Sif Muna
Trog
Uskayaw
Wu Jian
Xom
Yredelemnul
Zin
The Shining One

Shops:
D:6 *   D:7 *

Annotations:
D:3 Heliophage's ghost, amateur DsAK
D:9 exclusions: ice statue and orange crystal statue


Innate Abilities, Weirdness & Mutations

You are very small and have problems with some larger weapons.
You are too small for most types of armour.
You have supernaturally acute eyesight. (SInv)
You are a herbivore.
You cover ground extremely quickly.
You need consume almost no food.
You cannot train Armour skill.


Message History

The six-headed hydra bites you. The six-headed hydra bites you!
* * * LOW HITPOINT WARNING * * *
You feel much better.
The six-headed hydra completely misses you.
The six-headed hydra bites you!
* * * LOW HITPOINT WARNING * * *
The six-headed hydra completely misses you.
The six-headed hydra misses you.
The six-headed hydra completely misses you.
The six-headed hydra bites you.
* * * LOW HITPOINT WARNING * * *
Casting: Slow
Confirm with . or Enter, or press ? or * to list all spells.
You miscast Blink.
You are very lightly contaminated with residual magic.
The floor and the ceiling briefly switch places.
The six-headed hydra bites you.
* * * LOW HITPOINT WARNING * * *
The six-headed hydra bites you.
You die...

...#................'.# #.....
...#................#.# #.....
...#................#.######.....
..##............[..##............
..#.......................†......
..#.....####...≈≈≈≈..............
..'.....#....§§§≈§§≈.....####....
..#.....'....§≈≈..≈......# #...[
..#.....#.....§§@.§≈.....# #....
..#.....#....≈≈D.≈≈≈.....# #....
..#.....###..≈.≈≈≈§...#### #....
..'.......#...≈§≈≈....# #....
..#.......#...........# #...^
..#...................# #....
..#................#..# #....
..#................#..# #....
..#................#..# #....


You could see a six-headed hydra.

Vanquished Creatures
  A hydra (Lair:1)
  A two-headed ogre (D:8)
  Erica (D:8)
  Urug (D:10)
  A deep elf mage (D:9)
  The ghost of marcelo90z the Covered, a novice MiFi of Wu Jian (D:6)
  A guardian serpent (D:11)
  The ghost of angeredRogue the Slasher, a novice MfGl of Makhleb (D:5)
  2 gargoyles
  A komodo dragon (D:10)
  2 trolls
  2 hippogriffs
  21 yaks
  Grum (D:9)
  2 hell hounds (D:10)
  A sky beast (D:8)
  A necrophage (D:10)
  A swamp drake (D:9)
  An ice beast (D:7)
  A black bear (D:10)
  3 wolves
  5 centaurs
  6 ogres
  7 bullfrogs
  3 scorpions
  6 killer bees
  4 wights (D:10)
  2 howler monkeys
  2 crimson imps
  2 jellies
  3 hounds
  A bullfrog skeleton (D:3)
  3 orc priests
  8 orc wizards
  2 centaur skeletons (D:6)
  Terence (D:2)
  3 worker ants
  A worker ant zombie (D:5)
  8 gnolls
  9 adders
  A howler monkey skeleton (D:6)
  3 shadow imps
  A white imp (D:9)
  2 adder zombies
  2 oozes
  An adder skeleton (D:5)
  2 worms
  6 dart slugs
  2 leopard geckos
  42 orcs
  6 bats
  4 giant cockroaches
  13 goblins
  9 hobgoblins
  11 jackals
  5 kobolds
  4 quokkas
  2 frilled lizards
  A giant cockroach zombie (D:5)
  A leopard gecko skeleton (D:5)
  A leopard gecko zombie (D:7)
  6 rats
248 creatures vanquished.

Vanquished Creatures (others)
  An orc (D:9)
1 creature vanquished.

Grand Total: 249 creatures vanquished

Notes
Turn   | Place    | Note
-------+----------+-------------------------------------------
     0 | D:1      | FerrousOx the Spriggan Enchanter began the quest for the Orb.
     0 | D:1      | Reached XP level 1. HP: 9/9 MP: 5/5
   445 | D:1      | Reached skill level 5 in Stealth
   445 | D:1      | Reached XP level 2. HP: 13/13 MP: 7/7
   449 | D:1      | Learned a level 2 spell: Ensorcelled Hibernation
  1198 | D:1      | Reached XP level 3. HP: 16/16 MP: 5/8
  2259 | D:2      | Found a deep blue altar of Sif Muna.
  2259 | D:2      | Found a glowing golden altar of the Shining One.
  2261 | D:2      | Found a sacrificial altar of Ru.
  2358 | D:2      | Found a bloodstained altar of Trog.
  2366 | D:2      | Found an ornate altar of the Wu Jian Council.
  2617 | D:2      | Noticed Terence
  2626 | D:2      | Killed Terence
  2626 | D:2      | Reached XP level 4. HP: 21/21 MP: 6/10
  2874 | D:2      | Found a glowing silver altar of Zin.
  3264 | D:3      | Noticed Heliophage's ghost (amateur DsAK)
  3428 | D:2      | Learned a level 3 spell: Confuse
  3685 | D:3      | Found a faded altar of an unknown god.
  3720 | D:3      | Reached XP level 5. HP: 24/24 MP: 3/11
  4459 | D:2      | Became a worshipper of Ru the Awakened
  4615 | D:4      | Found a shimmering altar of Xom.
  4726 | D:4      | Reached XP level 6. HP: 28/28 MP: 5/13
  5176 | D:4      | Found the +2 Maxwell's thermic engine {flame, freeze, rF- rC-}
  5379 | D:5      | Entered Level 5 of the Dungeon
  5824 | D:5      | Noticed angeredRogue's ghost (novice MfGl)
  5999 | D:4      | Gained mutation: You cannot train Armour skill. [Ru sacrifice]
  5999 | D:4      | Reached * piety under Ru
  6089 | D:5      | Killed angeredRogue's ghost
  6089 | D:5      | Reached skill level 1 in Fighting
  6089 | D:5      | Reached skill level 5 in Short Blades
  6089 | D:5      | Reached skill level 5 in Dodging
  6089 | D:5      | Reached XP level 7. HP: 23/33 MP: 3/14
  6176 | D:5      | Learned a level 3 spell: Tukima's Dance
  6450 | D:5      | Found a staircase to the Ecumenical Temple.
  6456 | Temple   | Entered the Ecumenical Temple
  6502 | Temple   | Fell from the grace of Ru
  6502 | Temple   | Became a worshipper of Warmaster Okawaru
  6888 | D:6      | Reached skill level 6 in Dodging
  6937 | D:6      | Reached XP level 8. HP: 39/39 MP: 8/15
  7063 | D:6      | Noticed marcelo90z's ghost (novice MiFi)
  7610 | D:6      | Killed marcelo90z's ghost
  7610 | D:6      | Reached * piety under Okawaru
  7935 | D:6      | Reached skill level 7 in Dodging
  8022 | D:6      | Found Porch's Elemental Accessories.
  8115 | D:6      | Found a shattered altar of Ashenzari.
  8118 | D:6      | Found a stormy altar of Qazlal.
  8121 | D:6      | Found a snail-covered altar of Cheibriados.
  8124 | D:6      | Found a blossoming altar of Fedhas.
  8249 | D:6      | Reached skill level 10 in Stealth
  8309 | D:6      | Learned a level 3 spell: Dazzling Spray
  8627 | D:7      | Reached skill level 8 in Dodging
  8942 | D:7      | Reached ** piety under Okawaru
  8942 | D:7      | Reached XP level 9. HP: 42/42 MP: 3/17
  9127 | D:7      | Found Gozag's Platinum Reserve.
  9131 | D:7      | Found an opulent altar of Gozag.
  9235 | D:7      | Reached skill level 9 in Dodging
  9422 | D:7      | Noticed a gargoyle
  9957 | D:7      | Killed a gargoyle
  9957 | D:7      | Reached skill level 10 in Dodging
 11147 | D:8      | Noticed a two-headed ogre
 11176 | D:8      | Killed a two-headed ogre
 11176 | D:8      | Reached *** piety under Okawaru
 11176 | D:8      | Reached skill level 11 in Dodging
 11265 | D:8      | Found a shimmering altar of Xom.
 11266 | D:8      | Found a shadowy altar of Dithmenos.
 11288 | D:8      | Reached XP level 10. HP: 46/46 MP: 10/18
 11566 | D:8      | Found a white marble altar of Elyvilon.
 11929 | D:9      | Noticed Grum
 11945 | D:8      | Reached skill level 12 in Dodging
 12005 | D:9      | Killed Grum
 12005 | D:9      | Reached **** piety under Okawaru
 12101 | D:9      | Noticed Erica
 12130 | D:9      | Noticed a gargoyle
 12135 | D:8      | Killed Erica
 12680 | D:9      | Noticed an orange crystal statue
 13177 | D:9      | Found a staircase to the Orcish Mines.
 13225 | D:9      | Noticed an ice statue
 13320 | D:9      | Noticed a deep elf mage
 13325 | D:9      | Killed a deep elf mage
 13325 | D:9      | Reached skill level 13 in Dodging
 13332 | D:9      | Learned a level 2 spell: Blink
 13335 | D:9      | Learned a level 2 spell: Slow
 13503 | D:8      | Reached ***** piety under Okawaru
 13522 | D:8      | Reached skill level 5 in Fighting
 13699 | D:9      | Killed a gargoyle
 13730 | D:10     | Entered Level 10 of the Dungeon
 13749 | D:10     | Noticed Urug
 13756 | D:10     | Killed Urug
 13756 | D:10     | Reached skill level 14 in Dodging
 13756 | D:10     | Reached skill level 1 in Invocations
 13756 | D:10     | Reached XP level 11. HP: 56/56 MP: 19/19
 14264 | D:10     | Found a staircase to the Lair.
 14429 | D:10     | Received a gift from Okawaru
 16131 | Lair:1   | Entered Level 1 of the Lair of Beasts
 16223 | Lair:1   | Got an ancient scale mail
 16469 | Lair:1   | Noticed a five-headed hydra
 16535 | Lair:1   | Killed a five-headed hydra
 16535 | Lair:1   | Reached skill level 5 in Invocations
 16908 | D:10     | Reached skill level 10 in Short Blades
 18069 | Lair:1   | Noticed a six-headed hydra
 18114 | D:10     | Reached skill level 1 in Translocations
 18160 | D:10     | Slain by a six-headed hydra

Vault maps used:
D:1:      dpeg_arrival_water_fire, kennysheep_boxes
D:2:      nicolae_overflow_hidden_temple, marbit_many_paths, kennysheep_doodads,
          uniq_terence
D:3:      chequers_ecumenical_altar_simple_redux
D:4:      xom_teletrap_fun
D:5:      minmay_temple_entry_fiery, first_bread
D:6:      grunt_temple_overflow_cloverleaf, nicolae_elemental_shop
D:7:      grunt_ogre_cave, nicolae_gozag_zags_fifth_avenue
D:8:      elyvilon_altar_3, gammafunk_temple_overflow_pools
D:9:      lemuel_ice_statue, orc_0_dummy, minivault_16, hangedman_minor_magic,
          uniq_grum, uniq_erica
D:10:     minmay_lair_entry_lava, nrook_guardian_serpent_double, uniq_urug
Temple:   compressed_dpeg_triangle_lava_temple

Skill      XL: |  1  2  3  4  5  6  7  8  9 10 11 |
---------------+----------------------------------+-----
Spellcasting   | 3 4 |  4.9
Stealth        | 5 6 7 8 9 10 12 | 12.0
Short Blades   | 2 5 6 7 8 9 10 | 10.1
Fighting       | 1 2 5 |  5.3
Dodging        | 5 6 8 11 14 | 14.9
Hexes          | 4 |  4.5
Invocations    | 1 5 |  5.8
Translocations | 1 |  1.1
Ice Magic      | |  0.1

Action                   |  1- 3 |  4- 6 |  7- 9 | 10-12 || total
-------------------------+-------+-------+-------+-------++-------
Melee: Dagger            |   124 |   113 |   188 |   166 ||   591
       Short sword       |       |    60 |       |   189 ||   249
 Cast: Ensorcelled Hiber |    28 |    65 |    88 |   135 ||   316
       Confuse           |       |     7 |    20 |    19 ||    46
       Blink             |       |       |       |    13 ||    13
       Dazzling Spray    |       |       |       |     1 ||     1
       Slow              |       |       |       |     2 ||     2
Invok: Sacrifice Durabil |       |     1 |       |       ||     1
       Heroism           |       |       |     1 |     4 ||     5
       Finesse           |       |       |       |     1 ||     1
Evoke: Wand              |       |       |     3 |     7 ||    10
  Use: Scroll            |     5 |     5 |     4 |     5 ||    19
       Potion            |       |       |     5 |     9 ||    14
 Stab: Sleeping          |    15 |    40 |    36 |    43 ||   134
       Confused          |       |     5 |     6 |     3 ||    14
       Distracted        |       |     1 |       |       ||     1
       Invisible         |       |       |       |     2 ||     2
  Eat: Bread ration      |       |     1 |     2 |     1 ||     4
Armor: Robe              |    14 |    13 |     8 |    15 ||    50
Dodge: Dodged            |   133 |   159 |   271 |   568 ||  1131

Table legend:
 A = Spawn XP
 B = Non-spawn XP
 C = Spawn XP percentage of total XP
 D = Spawn monster count
 E = Non-spawn monster count
 F = Spawn count percentage of total count
 G = Total turns spent on level
                    A         B        C        D         E        F      G
               +---------+---------+-------+---------+---------+-------+---------
         Total |       0 |   18060 |   0.0 |       0 |     248 |   0.0 | 18160
               +---------+---------+-------+---------+---------+-------+---------
           D:1 |       0 |      48 |   0.0 |       0 |      23 |   0.0 |  2158
           D:2 |       0 |      64 |   0.0 |       0 |      11 |   0.0 |  1495
           D:3 |       0 |     256 |   0.0 |       0 |      37 |   0.0 |   923
           D:4 |       0 |     236 |   0.0 |       0 |      15 |   0.0 |   972
           D:5 |       0 |     572 |   0.0 |       0 |      18 |   0.0 |  1146
           D:6 |       0 |    1167 |   0.0 |       0 |      23 |   0.0 |  2324
           D:7 |       0 |    1916 |   0.0 |       0 |      31 |   0.0 |  1942
           D:8 |       0 |    4068 |   0.0 |       0 |      24 |   0.0 |  1960
           D:9 |       0 |    2100 |   0.0 |       0 |      21 |   0.0 |   834
          D:10 |       0 |    4203 |   0.0 |       0 |      32 |   0.0 |  2808
          D:11 |       0 |     779 |   0.0 |       0 |       3 |   0.0 |   294
        Lair:1 |       0 |    2651 |   0.0 |       0 |      10 |   0.0 |  1233
               +---------+---------+-------+---------+---------+-------+---------
